 Dungeon Crawl Stone Soup version 0.28-a0-697-g47f3eba078 (webtiles) character file.

Game seed: 14795813424017187113

60 ytrimaz the Grave Robber (level 3, -1/19 HPs)
             Began as a Deep Elf Necromancer on Oct 24, 2021.
             Slain by an adder (4 damage)
             ... on level 2 of the Dungeon.
             The game lasted 00:01:18 (1967 turns).

ytrimaz the Grave Robber (Deep Elf Necromancer)     Turns: 1967, Time: 00:01:18

Health: -1/19      AC:  2    Str:  5    XL:     3   Next: 82%
Magic:  7/10       EV: 13    Int: 20    God:
Gold:   42         SH:  0    Dex: 15    Spells: 9/10 levels left

rFire   . . .      SeeInvis .   (no weapon)
rCold   . . .      Faith    .   (no shield)
rNeg    . . .      Spirit   .   a - +0 robe
rPois   .          Reflect  .   (no helmet)
rElec   .          Harm     .   (no cloak)
rCorr   .          Rampage  .   (no gloves)
Will    .....                   (no boots)
Stlth   ++........              (no amulet)
HPRegen 0.06/turn               (no ring)
MPRegen 0.12/turn               (no ring)

@: lethally poisoned (-1 -> -4)
A: no striking features
a: no special abilities


You were on level 2 of the Dungeon.
You visited 1 branch of the dungeon, and saw 2 of its levels.

You collected 42 gold pieces.

Inventory:

Armour
 a - a +0 robe (worn)
Scrolls
 c - a scroll of noise {unknown}
 e - 2 scrolls of teleportation {unknown}
 g - a scroll of identify {unknown}
Potions
 b - 3 potions of curing {unknown}
 d - a potion of might {unknown}
 f - a potion of heal wounds {unknown}


   Skills:
 * Level 3.1 Dodging
 - Level 2.4 Stealth
 + Level 4.1 Spellcasting
 + Level 5.7 Necromancy


You had 9 spell levels left.
You knew the following spells:

 Your Spells              Type           Power      Damage    Failure   Level
a - Pain                  Necr           100%       1d9       1%          1

Your spell library contained the following spells:

 Spells                   Type           Power      Damage    Failure   Level
 Animate Skeleton         Necr           54%        N/A       1%          1
 Vampiric Draining        Necr           13%        2d7       3%          3
 Animate Dead             Necr           13%        N/A       12%         4
 Agony                    Necr           27%        N/A       32%         5


Dungeon Overview and Level Annotations

Branches:
Dungeon (2/15)

Altars:

Shops:
D:1 [


Message History

An endoplasm comes into view.
Found 22 stones.
An endoplasm is nearby!
An endoplasm is nearby!
Found a short sword.
There is an open door here.
The endoplasm writhes in agony.
The endoplasm writhes in agony.
You kill the endoplasm!
An endoplasm comes into view.
You can't see any susceptible monsters within range! (Use Z to cast anyway.)
The endoplasm quivers.
The endoplasm writhes in agony!
You kill the endoplasm!
You can't see any susceptible monsters within range! (Use Z to cast anyway.)
A worm comes into view.
The worm writhes in agony.
A worm is nearby!
The worm writhes in agony.
An adder comes into view.
The worm writhes in agony.
The adder hisses angrily.
The worm writhes in agony!
You kill the worm!
There is an open door here.
The adder misses you. The adder bites you. The adder closely misses you.
The adder closely misses you. The adder bites you. The adder bites you.
You are lethally poisoned!
The adder poisons you!
* * * LOW HITPOINT WARNING * * *
You feel sick.
* * * LOW HITPOINT WARNING * * *
You feel sick.
* * * LOW HITPOINT WARNING * * *
You feel sick. The adder bites you.
You die...

....'.......).....#
....###############
....##########
.............#
#####..#####.#
##+#####.# #.....#
#.....#####
#.....##.@#
###.....##.S#
#.#+##.......##..#
#............##..#...
..
#######'####.##..#...
##... #.# #.##..#...
.#....# #.#
#.##..#...# #..#...#
... #.##..#....
..#....# #.#
#.##..#....##.##..()#


You could see an adder.

Vanquished Creatures
  Jessica (D:2)
  An adder (D:2)
  A worm (D:2)
  3 bats (D:1)
  3 endoplasms
  2 goblins (D:1)
  4 hobgoblins (D:1)
  2 kobolds (D:1)
  A quokka (D:1)
  3 frilled lizards (D:1)
  2 rats (D:1)
23 creatures vanquished.

Notes
Turn   | Place    | Note
-------+----------+-------------------------------------------
     0 | D:1      | ytrimaz the Deep Elf Necromancer began the quest for the
                  | Orb.
     0 | D:1      | Reached XP level 1. HP: 10/10 MP: 6/6
   117 | D:1      | Reached skill level 5 in Necromancy
   303 | D:1      | Found Lexyguv's Armour Shoppe.
   582 | D:1      | Reached XP level 2. HP: 11/15 MP: 4/8
   841 | D:1      | Found a faded altar of an unknown god.
  1583 | D:2      | Noticed Jessica
  1585 | D:2      | Killed Jessica
  1586 | D:2      | Reached XP level 3. HP: 16/19 MP: 7/10
  1967 | D:2      | Slain by an adder

Illustrated notes

Levels and vault maps discovered:
D:1:      dpeg_arrival_tiny_i, layout_loops_corners,
          shapermc_ecumenical_altar_totnotflames, serial_shops, shop
D:2:      layout_basic, kennysheep_nondescript, kennysheep_generic_room_2,
          uniq_jessica, uniq_terence

Skill      XL: |  1  2  3 |
---------------+----------+-----
Necromancy     | 5 |  5.7
Dodging        | 3 |  3.1
Spellcasting   | 4 |  4.1
Stealth        | |  2.4

Action                   || total
-------------------------++-------
 Cast: Pain              ||    46
Dodge: Dodged            ||     5

Table legend: (Time is in decaauts)
 A = Elapsed time spent in this place.
 B = Non-inter-level travel time spent in this place.
 C = Inter-level travel time spent in this place.
 D = Time resting spent in this place.
 E = Time spent auto-exploring this place.
 F = Levels seen in this place.
 G = Mean time per level.
                   A        B        C        D        E       F      G
               +--------+--------+--------+--------+--------+-----+--------+
         Total |   1966 |   1921 |     45 |    234 |   1540 |   2 |  983.0 |
       Dungeon |   1966 |   1921 |     45 |    234 |   1540 |   2 |  983.0 |
               +--------+--------+--------+--------+--------+-----+--------+

Top non-repeatable levels by time:
     D:1: 1550 daAuts
     D:2: 416 daAuts
